[Event "Titled Tuesday Blitz November 01 Late 2022"]
[White "Floresvillar Gonzalez, Luis Migu"]
[Black "Vifleemskaia, Svetlana"]
[WhiteFideId "5100542"]
[BlackFideId "4129490"]
[WhiteElo "2040"]
[BlackElo "1929"]
[Result "0-1"]
[Round "06"]
[TimeControl "180+1"]
[Date "2022.11.02"]
[WhiteClock "0:00:30"]
[BlackClock "0:00:17"]

1. e4 e5 2. Nf3 Nc6 3. d4 exd4 4. Bc4 Nf6 5. e5 d5 6. Bb5 Ne4 7. O-O Bc5 8. Bxc6+ bxc6 9. Nxd4 Ba6 10. Re1 Nxf2 11. Kxf2 Qh4+ 12. Kg1 Bxd4+ 13. Kh1 Bf2 14. Rf1 Bxf1 15. Qxf1 Bg3 16. h3 Bxe5 17. Nd2 O-O 18. Nf3 Qg3 19. Nxe5 Qxe5 20. c3 Rae8 21. Bf4 Qe2 22. Qxe2 Rxe2 23. b3 Rfe8 24. Bxc7 Re1+ 25. Rxe1 Rxe1+ 26. Kh2 f6 27. a4 Kf7 28. Bd6 Ke6 29. Bc5 a6 30. b4 g5 31. a5 f5 32. Kg3 Re2 33. Bd4 h5 34. Kf3 Rc2 35. g4 hxg4+ 36. hxg4 f4 37. Bg7 Rh2 38. Bd4 Rh3+ 39. Kf2 Rg3 40. Ke2 Rxg4 41. Kf3 Kf5 42. Bg7 Rg3+ 43. Kf2 Ke4 44. Ke2 Rg2+ 45. Kf1 Ra2 46. Bf6 g4 47. Bd4 Kf3 48. Ke1 g3 49. Bc5 g2 50. Kd1 g1=Q+ 51. Bxg1 Ra1+ 52. Kc2 Rxg1 53. Kb3 Ke4 54. c4 Rg3+ 55. Ka4 dxc4 56. b5 cxb5+ 57. Kb4 Rb3+ 58. Kc5 Ra3 59. Kb6 Rxa5 60. Kxa5 c3 61. Kb4 c2 62. Kb3 c1=Q 63. Ka2 f3 64. Kb3 f2 65. Ka2 f1=Q 66. Kb3 Qfc4# 0-1


[Site "https://www.chess.com"]

[Event "Titled Tuesday Blitz November 01 Late 2022"]
[White "Gardezi, Arsal"]
[Black "Winterberg, Lukas"]
[WhiteFideId "30949521"]
[BlackFideId "24622702"]
[WhiteElo "1906"]
[BlackElo "2349"]
[Result "0-1"]
[Round "06"]
[TimeControl "180+1"]
[Date "2022.11.02"]
[WhiteClock "0:01:38"]
[BlackClock "0:01:45"]

1. Nf3 Nf6 2. g3 g6 3. Bg2 Bg7 4. O-O O-O 5. d3 c6 6. Nbd2 d5 7. e4 a5 8. c3 a4 9. e5 Ne8 10. d4 f6 11. Re1 Nd7 12. Nf1 fxe5 13. dxe5 Nc7 14. Bf4 Ne6 15. Nd4 Nxf4 16. gxf4 Nc5 17. Qd2 Bh6 18. Ne2 Ne6 19. c4 Nxf4 20. Nxf4 Bxf4 21. Qd4 e6 22. cxd5 Qh4 23. d6 Bxh2+ 24. Nxh2 Qxd4 25. Nf3 Qg4 26. Nh2 Qb4 27. Rad1 Bd7 28. Re4 Qxb2 29. Ng4 Qxa2 30. Nf6+ Rxf6 31. exf6 a3 32. Rb4 Qc2 33. Bf3 Qxd1+ 34. Bxd1 a2 35. Rxb7 a1=Q 0-1


[Site "https://www.chess.com"]

[Event "Titled Tuesday Blitz November 01 Late 2022"]
[White "Gasparyan, David"]
[Black "Mendez Fortes, Eduardo Jesus"]
[WhiteFideId "13311980"]
[BlackFideId "3502376"]
[WhiteElo "2369"]
[BlackElo "2307"]
[Result "0-1"]
[Round "06"]
[TimeControl "180+1"]
[Date "2022.11.02"]
[WhiteClock "0:00:01"]
[BlackClock "0:00:18"]

1. Nf3 d5 2. e3 c5 3. d4 Nf6 4. c3 e6 5. Bd3 b6 6. Nbd2 Bb7 7. O-O Be7 8. Re1 O-O 9. e4 dxe4 10. Nxe4 cxd4 11. cxd4 Nxe4 12. Bxe4 Bxe4 13. Rxe4 Nd7 14. Bd2 Nf6 15. Re1 Nd5 16. Qe2 Bf6 17. Rac1 Qd7 18. Qe4 Rac8 19. Bg5 Qa4 20. Rxc8 Rxc8 21. Bxf6 Nxf6 22. Qb7 Qd7 23. Qa6 g6 24. h3 Rc2 25. Qa3 Nd5 26. Ne5 Qc7 27. b3 Qc3 28. Rd1 Qc7 29. Nc4 Nf4 30. Ne3 Rc3 31. Qa4 Nd3 32. g3 Rc1 33. Qe8+ Kg7 34. Rf1 Rxf1+ 35. Kxf1 Qc3 36. Qb5 Qe1+ 37. Kg2 Qxf2+ 38. Kh1 Qxe3 39. Qc4 Qe1+ 40. Kg2 Qe2+ 41. Kh1 Nf2+ 42. Kg2 Qxc4 43. bxc4 Ne4 44. d5 exd5 45. cxd5 Nd6 46. Kf3 Kf6 47. h4 Ke5 48. g4 Kxd5 49. g5 Ke5 50. Kg4 Ke4 51. h5 b5 52. a3 a5 53. Kh4 b4 0-1


[Site "https://www.chess.com"]

[Event "Titled Tuesday Blitz November 01 Late 2022"]
[White "Girsh, Daniel"]
[Black "Kobla, Vishal"]
[WhiteFideId "30949190"]
[BlackFideId "2078457"]
[WhiteElo "2075"]
[BlackElo "1972"]
[Result "0-1"]
[Round "06"]
[TimeControl "180+1"]
[Date "2022.11.02"]
[WhiteClock "0:00:19"]
[BlackClock "0:00:27"]

1. e4 c5 2. Nf3 Nc6 3. Bb5 e6 4. O-O Nge7 5. d3 a6 6. Bc4 b5 7. Bb3 d5 8. exd5 exd5 9. c3 Ng6 10. Re1+ Be7 11. Bg5 Be6 12. Bxe7 Ngxe7 13. d4 c4 14. Bc2 O-O 15. h3 g6 16. Qd2 Bf5 17. Qh6 f6 18. Na3 Ra7 19. Re2 Bxc2 20. Nxc2 Nf5 21. Qf4 Re7 22. Rae1 Rfe8 23. Qd2 Nd6 24. Re3 Ne4 25. Qc1 f5 26. Nh2 Qd6 27. f3 Ng3 28. Nf1 f4 29. Rxe7 Rxe7 30. Nxg3 fxg3 31. Re3 Qf4 32. Qe1 Kf7 33. Rxe7+ Nxe7 34. Qe3 g5 35. Qe1 a5 36. Na3 b4 37. Nc2 b3 38. axb3 cxb3 39. Na3 Nf5 40. Nb5 a4 41. Na3 Qe3+ 42. Qxe3 Nxe3 43. c4 Nxc4 44. Nb5 Nxb2 45. Nc3 a3 0-1


[Site "https://www.chess.com"]

[Event "Titled Tuesday Blitz November 01 Late 2022"]
[White "Goltsev, Dmitry"]
[Black "ChessBrah"]
[WhiteFideId "24176710"]
[WhiteElo "2257"]
[BlackElo "2911"]
[Result "1/2-1/2"]
[Round "06"]
[TimeControl "180+1"]
[Date "2022.11.01"]
[WhiteClock "0:00:22"]
[BlackClock "0:00:11"]

1. e4 c5 2. Nf3 Nc6 3. d4 cxd4 4. Nxd4 Nf6 5. Nc3 d6 6. Be2 e6 7. Be3 Bd7 8. Ndb5 Qb8 9. O-O a6 10. Nd4 Be7 11. f4 O-O 12. Bf3 Qc7 13. Nb3 b5 14. a3 Rfd8 15. g4 Be8 16. g5 Nd7 17. Qd2 Nb6 18. Be2 Nc4 19. Bxc4 bxc4 20. Nd4 Rab8 21. Rab1 Nxd4 22. Qxd4 Bc6 23. f5 Bf8 24. Rf2 d5 25. fxe6 fxe6 26. exd5 Bxd5 27. Nxd5 Rxd5 28. Qe4 Qc6 29. Qf4 Qe8 30. Qxc4 Bxa3 31. Qxa6 Bc5 32. Bxc5 Rxg5+ 33. Kh1 Rxc5 34. Rbf1 h6 35. Rf8+ Qxf8 36. Qxe6+ Kh8 37. Rxf8+ Rxf8 38. Qd6 Rcf5 39. b4 Rf2 40. Kg1 R2f6 41. Qd3 Rf4 42. b5 Rg4+ 43. Kh1 Rb4 44. Qd6 Rb1+ 45. Kg2 Rc8 46. c4 Rb2+ 47. Kg3 Rb3+ 48. Kg2 Rb2+ 49. Kg3 Rb3+ 50. Kg2 Rxc4 51. Qf8+ Kh7 52. Qf5+ Kh8 53. Qf8+ Kh7 54. Qf5+ Kh8 55. Qf8+ 1/2-1/2


[Site "https://www.chess.com"]

[Event "Titled Tuesday Blitz November 01 Late 2022"]
[White "Gorodetzky, David"]
[Black "Sanal, Vahap"]
[WhiteFideId "2813416"]
[BlackFideId "6300545"]
[WhiteElo "2487"]
[BlackElo "2574"]
[Result "0-1"]
[Round "06"]
[TimeControl "180+1"]
[Date "2022.11.01"]
[WhiteClock "0:00:04"]
[BlackClock "0:00:20"]

1. Nf3 d6 2. e4 Nf6 3. Nc3 e5 4. d4 Nbd7 5. Be2 Be7 6. O-O O-O 7. Re1 c6 8. a4 Re8 9. a5 exd4 10. Nxd4 Bf8 11. Bf1 Nc5 12. f3 d5 13. e5 Nfd7 14. f4 Ne6 15. Nxe6 Rxe6 16. Ne2 Rh6 17. Nd4 Qh4 18. Nf3 Bc5+ 19. Kh1 Qg3 20. f5 Rh5 21. Be3 Bxe3 22. Rxe3 Qf4 23. Qd4 Rxf5 24. Rae1 Qxd4 25. Nxd4 Rf4 26. e6 Nf6 27. exf7+ Kxf7 28. Re7+ Kf8 29. Nf3 Ne4 30. Rc7 Rf7 31. Rxf7+ Kxf7 32. a6 bxa6 33. Ne5+ Ke6 34. Nxc6 Kd6 35. Nd4 Rb8 36. b3 Kc5 37. Nf3 Kb4 38. Re3 a5 39. Nd4 Kc5 40. Nf3 Bg4 41. Kg1 Rf8 42. Ne5 Bc8 43. Re1 Kd4 44. Nf3+ Kc3 45. Bd3 Bf5 46. Ra1 Nd2 47. Nxd2 Bxd3 48. cxd3 Kxd2 49. Rxa5 d4 50. Rxa7 Ke2 51. Rxg7 Rf1# 0-1


[Site "https://www.chess.com"]

[Event "Titled Tuesday Blitz November 01 Late 2022"]
[White "Gunduz, Umut Erdem"]
[Black "Li, Ben"]
[WhiteFideId "6381383"]
[BlackFideId "2089980"]
[WhiteElo "2182"]
[BlackElo "2267"]
[Result "1/2-1/2"]
[Round "06"]
[TimeControl "180+1"]
[Date "2022.11.02"]
[WhiteClock "0:00:04"]
[BlackClock "0:00:04"]

1. e4 e5 2. Nf3 Nc6 3. Bb5 a6 4. Ba4 Nf6 5. O-O Be7 6. Re1 b5 7. Bb3 d6 8. c3 O-O 9. h3 Nb8 10. d4 Nbd7 11. Nbd2 Bb7 12. Bc2 Re8 13. Nf1 Bf8 14. Ng3 g6 15. Bg5 h6 16. Bd2 Bg7 17. a4 Nb6 18. a5 Nc4 19. Bc1 d5 20. exd5 exd4 21. Rxe8+ Qxe8 22. Nxd4 Nxd5 23. Qf3 Qe1+ 24. Kh2 Re8 25. Nb3 Nb4 26. Qxb7 Nxc2 27. Bd2 Nxa1 28. Bxe1 Nxb3 29. Qxa6 Rxe1 30. Qxb5 Ncxa5 31. Qb8+ Kh7 32. Qxc7 Kg8 33. Qc8+ Bf8 34. h4 h5 35. Qa8 Re6 36. Ne4 Kg7 37. Ng5 Bd6+ 38. g3 Rf6 39. Ne4 Re6 40. Nxd6 Rxd6 41. Qe4 Rf6 42. Kg2 Rf5 43. c4 Nc5 44. Qd4+ Kh7 45. b4 Nc6 46. Qd6 Nxb4 47. Qc7 Nbd3 48. Qb8 Rxf2+ 49. Kg1 Rf5 50. Qd6 Ne5 51. Kg2 Ng4 52. Qd8 Ne4 53. Qd3 Rf2+ 54. Kg1 Nef6 55. Qb3 Nd7 56. c5 Nxc5 57. Qd5 Ne6 58. Qc4 Rf5 59. Qe4 Nf6 60. Qe2 Nd5 61. Qa6 Nd4 62. Qd6 Ne2+ 63. Kg2 Ne3+ 64. Kh2 Rf2+ 65. Kh1 Nxg3+ 66. Qxg3 Rf1+ 67. Kh2 Ng4+ 68. Kg2 Rf2+ 69. Kg1 Rf5 70. Qc7 Kg7 71. Qc3+ Rf6 72. Qc4 Re6 73. Qd4+ Re5 74. Qd7 Rf5 75. Qd4+ Nf6 76. Qd8 Ng8 77. Qd4+ Kh7 78. Qd8 Nh6 79. Qd4 Kg8 80. Qd8+ Kg7 81. Qd4+ f6 82. Qd7+ Nf7 83. Qd4 Re5 84. Qf4 g5 85. hxg5 fxg5 86. Qf3 Kg6 87. Qd3+ Rf5 88. Qe4 h4 89. Qe6+ Rf6 90. Qe4+ Kh6 91. Qg4 Nh8 92. Qd4 Rf8 93. Qd6+ Ng6 94. Qc5 g4 95. Qe3+ Rf4 96. Qe8 Kg5 97. Qd8+ Rf6 98. Qd5+ Rf5 99. Qd3 h3 100. Qg3 Rf3 101. Qe1 Nf4 102. Qe7+ Kf5 103. Qf7+ Ke4 104. Qe8+ Kd3 105. Qb5+ Kd2 106. Qd7+ Rd3 107. Qxg4 Ne2+ 108. Kh2 Rd4 109. Qxd4+ Nxd4 110. Kxh3 1/2-1/2


[Site "https://www.chess.com"]

[Event "Titled Tuesday Blitz November 01 Late 2022"]
[White "Haszon, David"]
[Black "Vargas, Mauricio"]
[WhiteFideId "733610"]
[BlackFideId "4404572"]
[WhiteElo "2211"]
[BlackElo "2025"]
[Result "1-0"]
[Round "06"]
[TimeControl "180+1"]
[Date "2022.11.02"]
[WhiteClock "0:01:44"]
[BlackClock "0:01:21"]

1. e4 c6 2. d4 d5 3. e5 Bf5 4. Nf3 e6 5. Be2 Nd7 6. O-O Rc8 7. b3 c5 8. c4 cxd4 9. Nxd4 Bxb1 10. Rxb1 dxc4 11. Bxc4 Nxe5 12. Bb5+ Nc6 13. Be3 Nf6 14. Rc1 Ba3 15. Nxc6 Qxd1 16. Rfxd1 Bxc1 17. Nxa7+ Nd7 18. Bxd7+ Kd8 19. Bxc8+ Kc7 20. Bxc1 Rxc8 21. Nxc8 Kxc8 22. a4 Kc7 23. b4 h6 24. Be3 e5 25. a5 f5 26. b5 f4 27. Bc5 e4 28. Bb6+ Kc8 29. Rd8# 1-0


[Site "https://www.chess.com"]

[Event "Titled Tuesday Blitz November 01 Late 2022"]
[White "Hemam, Moulaye Brahim"]
[Black "Przybylski, Wojciech"]
[WhiteFideId "19600054"]
[BlackFideId "1117599"]
[WhiteElo "2088"]
[BlackElo "2221"]
[Result "0-1"]
[Round "06"]
[TimeControl "180+1"]
[Date "2022.11.02"]
[WhiteClock "0:00:02"]
[BlackClock "0:00:07"]

1. e4 c5 2. Nf3 e6 3. c4 d5 4. exd5 exd5 5. d4 Nf6 6. Be2 Nc6 7. O-O Be6 8. cxd5 Bxd5 9. Nc3 cxd4 10. Nxd4 Nxd4 11. Qxd4 Bc6 12. Qe5+ Be7 13. Bb5 Bxb5 14. Qxb5+ Qd7 15. Re1 Qxb5 16. Nxb5 Kf8 17. Bf4 h5 18. Rac1 Nd5 19. Bd6 a6 20. Bxe7+ Nxe7 21. Nd6 Rh6 22. Nxb7 Rb6 23. Rc7 Nd5 24. Rd7 Nf6 25. Rc7 Nd5 26. Rd7 Nf6 27. Rc7 Re8 28. Rec1 Nd5 29. Rd7 Nf6 30. Rdc7 Nd5 31. R7c5 Nf4 32. Nd6 Rxd6 33. Rf1 Ne2+ 34. Kh1 Rd2 35. g3 h4 36. gxh4 Nf4 37. Rf5 Nd3 38. Rf3 Ree2 39. Kg2 g6 40. h3 Kg7 41. Kg3 a5 42. b3 Nb4 43. a3 Nc2 44. b4 axb4 45. axb4 Nxb4 46. Rb1 Nc6 47. Rb6 Ne5 48. Rf4 Rd3+ 49. Kg2 Kh6 50. Rb7 f5 51. Rb6 Rdd2 52. Rxf5 Nd3 53. Rff6 Rxf2+ 54. Rxf2 Rxf2+ 55. Kg3 Rf5 56. Rd6 Nc5 57. Rc6 Ne4+ 58. Kg4 Nf6+ 59. Kg3 Nh5+ 60. Kg4 Rf4# 0-1


[Site "https://www.chess.com"]

[Event "Titled Tuesday Blitz November 01 Late 2022"]
[White "Hjartarson, Johann"]
[Black "Malka, Samuel"]
[WhiteFideId "2300044"]
[BlackFideId "20643675"]
[WhiteElo "2458"]
[BlackElo "2455"]
[Result "1-0"]
[Round "06"]
[TimeControl "180+1"]
[Date "2022.11.02"]
[WhiteClock "0:00:13"]
[BlackClock "0:00:09"]

1. c4 g6 2. g3 Bg7 3. Bg2 c5 4. Nc3 Nc6 5. a3 b6 6. b4 Bb7 7. Bb2 d6 8. d3 Qd7 9. b5 Nd4 10. e4 e6 11. Nge2 Ne7 12. h4 h6 13. Nxd4 Bxd4 14. Qd2 d5 15. exd5 exd5 16. O-O O-O-O 17. cxd5 Nxd5 18. Ne2 Bxb2 19. Qxb2 Rhe8 20. Rac1 Kb8 21. d4 Qg4 22. Rfe1 c4 23. Rxc4 Re7 24. Qd2 Rde8 25. Rc2 f5 26. f3 Qh5 27. Kf2 f4 28. Nxf4 Nxf4 29. Qxf4+ Ka8 30. Rxe7 Rxe7 31. Qf8+ 1-0


[Site "https://www.chess.com"]

[Event "Titled Tuesday Blitz November 01 Late 2022"]
[White "Ibarra Jerez, Jose Carlos"]
[Black "Thomforde-Toates, Noah"]
[WhiteFideId "2226332"]
[BlackFideId "30951992"]
[WhiteElo "2627"]
[BlackElo "2621"]
[Result "1-0"]
[Round "06"]
[TimeControl "180+1"]
[Date "2022.11.02"]
[WhiteClock "0:00:55"]
[BlackClock "0:00:18"]

1. e4 c5 2. Nf3 g6 3. d4 cxd4 4. Nxd4 Bg7 5. Nc3 Nc6 6. Be3 Nf6 7. Bc4 O-O 8. Bb3 a5 9. O-O d6 10. Ndb5 Bd7 11. f3 Rc8 12. Qe2 Ne5 13. Na4 Be6 14. Bb6 Qd7 15. Bd4 Bc4 16. Bxc4 Nxc4 17. Na7 Qxa4 18. Nxc8 Rxc8 19. b3 Qc6 20. bxc4 Qxc4 21. Qxc4 Rxc4 22. c3 Nd7 23. Rab1 b6 24. Rfc1 Be5 25. Bxe5 dxe5 26. Rd1 Nf6 27. Rxb6 Rxc3 28. Rb5 Ra3 29. Rd2 e6 30. Rxe5 Nh5 31. Rb5 Nf4 32. Rb3 Ra4 33. g3 Nh5 34. e5 Kg7 35. Rb7 g5 36. Rdd7 Rxa2 37. Rxf7+ Kg6 38. g4 Ra1+ 39. Kf2 Ra2+ 40. Ke1 Nf4 41. Rg7+ Kh6 42. Rxh7+ Kg6 43. Rbg7# 1-0


[Site "https://www.chess.com"]

[Event "Titled Tuesday Blitz November 01 Late 2022"]
[White "Janaszak, Dawid"]
[Black "Mekhitarian, Krikor Sevag"]
[WhiteFideId "1119206"]
[BlackFideId "2107660"]
[WhiteElo "2226"]
[BlackElo "2614"]
[Result "0-1"]
[Round "06"]
[TimeControl "180+1"]
[Date "2022.11.02"]
[WhiteClock "0:00:25"]
[BlackClock "0:00:10"]

1. e4 c5 2. Nc3 a6 3. d4 cxd4 4. Qxd4 Nc6 5. Qd2 e6 6. b3 Bb4 7. Bb2 Nf6 8. Bd3 d5 9. exd5 Nxd5 10. a3 Bxc3 11. Bxc3 Nxc3 12. Qxc3 Qd4 13. Ne2 Qxc3+ 14. Nxc3 Ke7 15. O-O-O Rd8 16. Be4 Rxd1+ 17. Rxd1 Bd7 18. Na4 Be8 19. Nb6 Rd8 20. f4 h6 21. g3 g5 22. f5 Rxd1+ 23. Kxd1 Nd8 24. a4 Bc6 25. Bxc6 Nxc6 26. fxe6 Kxe6 27. Kd2 Kf5 28. Nc4 Kg4 29. Nd6 Nd8 30. Ke3 Kh3 31. Kf3 h5 32. c4 Kxh2 33. b4 g4+ 34. Kf2 h4 35. Nf5 hxg3+ 36. Nxg3 Ne6 37. a5 Nd4 38. Nf1+ Kh3 39. Ke3 Nc2+ 40. Ke4 Nxb4 41. Kf5 g3 42. Nxg3 Kxg3 43. Kf6 Nc6 0-1


[Site "https://www.chess.com"]

[Event "Titled Tuesday Blitz November 01 Late 2022"]
[White "Jaskolka, Tomasz"]
[Black "Sabar, Ethmane Daouda"]
[WhiteFideId "1170791"]
[BlackFideId "19600097"]
[WhiteElo "2126"]
[BlackElo "1950"]
[Result "1-0"]
[Round "06"]
[TimeControl "180+1"]
[Date "2022.11.02"]
[WhiteClock "0:00:14"]
[BlackClock "0:00:01"]

1. e4 c5 2. Nf3 Nc6 3. Bb5 e5 4. d3 Nd4 5. Nxd4 cxd4 6. O-O a6 7. Bc4 Nf6 8. f4 d6 9. c3 dxc3 10. Nxc3 h6 11. Nd5 Be7 12. Qf3 Be6 13. Nxf6+ Bxf6 14. Bxe6 fxe6 15. Qh5+ Kd7 16. Be3 exf4 17. Rxf4 e5 18. Rf2 Rc8 19. Qf7+ Qe7 20. Qd5 Rc6 21. b4 Rhc8 22. b5 axb5 23. Qxb5 Ke8 24. Raf1 Qd7 25. Bxh6 Rc2 26. Qxd7+ Kxd7 27. Rxc2 Rxc2 28. Bxg7 Bg5 29. g3 Be3+ 30. Kh1 Rxa2 31. h4 b5 32. h5 b4 33. Rf7+ Kc6 34. h6 Bxh6 35. Bxh6 b3 36. Rf8 b2 37. Rb8 Ra1+ 38. Kg2 b1=Q 39. Rxb1 Rxb1 40. Kf3 Rd1 41. Ke2 Rg1 42. Kf2 Rd1 43. Ke2 Rg1 44. Kf3 Rd1 45. g4 Rxd3+ 46. Ke2 Rg3 47. g5 d5 48. exd5+ Kxd5 49. Kf2 Rg4 50. Kf3 Rg1 51. Kf2 Rg4 52. Kf3 Rh4 53. Kg3 Rh1 54. Kg2 Rh5 55. Kg3 e4 56. Kg4 Rh1 57. Bg7 Rg1+ 58. Kf4 Rf1+ 59. Ke3 Rf3+ 60. Ke2 Rg3 61. Bf6 Kc4 62. Kf2 Rf3+ 63. Ke2 Rf5 64. Ke3 1-0


[Site "https://www.chess.com"]

[Event "Titled Tuesday Blitz November 01 Late 2022"]
[White "Jimenez Almeida, Luis David"]
[Black "Buchenau, Frank"]
[WhiteFideId "22242244"]
[BlackFideId "4604350"]
[WhiteElo "2158"]
[BlackElo "2157"]
[Result "0-1"]
[Round "06"]
[TimeControl "180+1"]
[Date "2022.11.02"]
[WhiteClock "0:00:09"]
[BlackClock "0:00:45"]

1. e4 e6 2. Nf3 d5 3. Nc3 Nf6 4. e5 Nfd7 5. d4 c5 6. dxc5 Nc6 7. Bf4 Bxc5 8. Bd3 f6 9. exf6 Qxf6 10. Bg5 Qf7 11. Qe2 O-O 12. O-O-O a6 13. h4 h6 14. Bd2 b5 15. Rh3 Nf6 16. Ng5 Qe7 17. Rg3 e5 18. Bg6 Nd4 19. Qf1 Bf5 20. Bxf5 Nxf5 21. Rh3 b4 22. Na4 Rfc8 23. Nxc5 Qxc5 24. c3 hxg5 25. hxg5 Ne4 26. Kb1 bxc3 27. Bxc3 d4 28. Qd3 dxc3 0-1


[Site "https://www.chess.com"]

[Event "Titled Tuesday Blitz November 01 Late 2022"]
[White "Kanyamarala, Trisha"]
[Black "Djokic, Mihailo"]
[WhiteFideId "45004722"]
[BlackFideId "976440"]
[WhiteElo "2099"]
[BlackElo "2315"]
[Result "0-1"]
[Round "06"]
[TimeControl "180+1"]
[Date "2022.11.02"]
[WhiteClock "0:00:08"]
[BlackClock "0:00:27"]

1. c4 e5 2. Nc3 Nc6 3. g3 Bc5 4. Bg2 d6 5. Nf3 Bf5 6. O-O Qd7 7. Re1 h5 8. h4 Nf6 9. a3 a6 10. b4 Ba7 11. e3 Bg4 12. d4 O-O 13. dxe5 dxe5 14. Qxd7 Nxd7 15. Nd5 e4 16. Ng5 Nce5 17. Bxe4 f6 18. Ne7+ Kh8 19. Nh7 Rfe8 20. Ng6+ Nxg6 21. Bxg6 Ne5 22. Bxe8 Rxe8 23. Nxf6 gxf6 24. Kg2 Bf3+ 25. Kh3 Nxc4 26. a4 Re5 27. Ba3 Rf5 28. b5 axb5 29. axb5 Bb6 30. Bb4 Ne5 31. Ra8+ Kh7 32. Rc1 Bg4+ 33. Kg2 Nd3 34. Rb1 Rxf2+ 35. Kg1 Bxe3 36. Rb3 Rb2+ 37. Kf1 Bh3# 0-1


[Site "https://www.chess.com"]

[Event "Titled Tuesday Blitz November 01 Late 2022"]
[White "Karas, Marek"]
[Black "Matinian, Nikita"]
[WhiteFideId "14928558"]
[BlackFideId "24129100"]
[WhiteElo "2220"]
[BlackElo "2422"]
[Result "0-1"]
[Round "06"]
[TimeControl "180+1"]
[Date "2022.11.02"]
[WhiteClock "0:00:01"]
[BlackClock "0:01:44"]

1. d4 Nf6 2. Bf4 g6 3. Nc3 d5 4. e3 c6 5. h4 h5 6. Be2 Bg7 7. Nf3 Qb6 8. Rb1 a5 9. Ne5 a4 10. a3 Bf5 11. Bd3 Bxd3 12. Qxd3 Nbd7 13. O-O Nxe5 14. Bxe5 O-O 15. Rfe1 Qa6 16. Qxa6 Rxa6 17. f3 Nd7 18. Bxg7 Kxg7 19. e4 e6 20. Nd1 Rd8 21. c3 dxe4 22. fxe4 c5 23. Nf2 cxd4 24. cxd4 Nf6 25. Rbd1 Rb6 26. Rd2 Rb3 27. Rc1 b5 28. Re1 b4 29. axb4 Rxb4 30. Red1 Rdb8 31. Ra1 Ne8 32. g3 Nd6 33. d5 Nc4 34. Rd4 Nxb2 35. Rxb4 Rxb4 36. d6 e5 37. Ra2 Kf6 38. d7 Ke7 39. g4 Kxd7 40. gxh5 gxh5 41. Nh3 Nc4 42. Ng5 a3 43. Nxf7 Rb1+ 44. Kf2 Rb2+ 45. Rxb2 axb2 0-1


[Site "https://www.chess.com"]

[Event "Titled Tuesday Blitz November 01 Late 2022"]
[White "Kekic, Armin"]
[Black "Tanenbaum, Zachary"]
[WhiteFideId "14401274"]
[BlackFideId "2060850"]
[WhiteElo "2132"]
[BlackElo "2175"]
[Result "1/2-1/2"]
[Round "06"]
[TimeControl "180+1"]
[Date "2022.11.02"]
[WhiteClock "0:00:34"]
[BlackClock "0:00:33"]

1. e4 e5 2. Nf3 Nc6 3. Bb5 a6 4. Ba4 d6 5. O-O Nf6 6. Re1 Be7 7. h3 b5 8. Bb3 Na5 9. c3 Nxb3 10. axb3 O-O 11. b4 Bb7 12. d3 Nd7 13. Nbd2 f5 14. d4 fxe4 15. Nxe4 Bxe4 16. Rxe4 Nf6 17. Re2 exd4 18. Nxd4 Qd7 19. Bg5 h6 20. Bh4 Rae8 21. Rxa6 Bd8 22. Ra8 c5 23. Rxe8 Rxe8 24. Qb3+ Kh8 25. Bxf6 Bxf6 26. Rxe8+ Qxe8 27. Qe6 Qxe6 28. Nxe6 cxb4 29. cxb4 Bxb2 30. Nc7 Bc3 31. Nxb5 Bxb4 32. Kf1 Kg8 33. Ke2 Bc5 34. f4 Kf7 35. Kd3 Ke6 36. g4 g6 37. Nc7+ Kf7 38. Ke4 Ba3 39. Nd5 Ke6 40. f5+ gxf5+ 41. gxf5+ Kf7 42. Kf3 Bc1 43. Kg4 Bd2 44. Kh5 Bc1 45. Kg4 Kg7 46. Kf3 Kf7 47. Kg4 1/2-1/2


[Site "https://www.chess.com"]

[Event "Titled Tuesday Blitz November 01 Late 2022"]
[White "Khandelwal, Ankush"]
[Black "Hughes, Tyler B"]
[WhiteFideId "413470"]
[BlackFideId "2026775"]
[WhiteElo "2271"]
[BlackElo "2296"]
[Result "1-0"]
[Round "06"]
[TimeControl "180+1"]
[Date "2022.11.02"]
[WhiteClock "0:00:45"]
[BlackClock "0:00:15"]

1. e4 c6 2. d4 d5 3. e5 Bf5 4. h4 h5 5. Bd3 Bxd3 6. Qxd3 e6 7. Bg5 Qb6 8. Nd2 c5 9. c4 Nc6 10. Ngf3 Nb4 11. Qc3 cxd4 12. Qb3 a5 13. a3 a4 14. axb4 axb3 15. Rxa8+ Kd7 16. Rxf8 Qxb4 17. Rd8+ Kc7 18. cxd5 f6 19. exf6 gxf6 20. Bxf6 Nxf6 21. Rxh8 Ne4 22. dxe6 Kd6 23. Rd8+ Ke7 24. Rd7+ Kxe6 25. Rxd4 Qb5 26. Rxe4+ Kf6 27. Re5 Qd3 28. Re3 Qa6 29. Rh3 Qa1+ 30. Ke2 Qa6+ 31. Rd3 Qe6+ 32. Kf1 Qa6 33. Ng5 Qa1+ 34. Ke2 Qxb2 35. Rhf3+ Ke7 36. Rf7+ Ke8 37. Re3+ Kd8 38. Ree7 Qc3 39. Ne6+ Kc8 40. Re8# 1-0


[Site "https://www.chess.com"]

[Event "Titled Tuesday Blitz November 01 Late 2022"]
[White "Kilic, Eray"]
[Black "Tayar, Jonathan"]
[WhiteFideId "44517173"]
[BlackFideId "2606534"]
[WhiteElo "2328"]
[BlackElo "2406"]
[Result "1-0"]
[Round "06"]
[TimeControl "180+1"]
[Date "2022.11.02"]
[WhiteClock "0:00:33"]
[BlackClock "0:00:03"]

1. e4 c5 2. Nf3 d6 3. d4 Nf6 4. Nc3 cxd4 5. Qxd4 a6 6. Bg5 Nc6 7. Qd3 e6 8. O-O-O Qa5 9. Kb1 Be7 10. Be2 Bd7 11. Bxf6 gxf6 12. Nd2 b5 13. Rhe1 h5 14. f4 Rc8 15. Nb3 Qb6 16. Bf3 h4 17. Qe2 Rg8 18. Bg4 Rc7 19. Bh3 Kd8 20. Qh5 b4 21. Ne2 Rf8 22. Qxh4 f5 23. Qh7 fxe4 24. Qxe4 f5 25. Qd3 e5 26. Ng3 e4 27. Qd5 a5 28. Nxf5 Bxf5 29. Bxf5 a4 30. Nc5 Rxf5 31. Qxf5 Nd4 32. Rxd4 Rxc5 33. Qxe4 Qc7 34. Rd5 b3 35. Rxc5 dxc5 36. Qxe7+ 1-0


[Site "https://www.chess.com"]

[Event "Titled Tuesday Blitz November 01 Late 2022"]
[White "Kleiman, Jake"]
[Black "Yuan, Qingyu"]
[WhiteFideId "2020041"]
[BlackFideId "8609772"]
[WhiteElo "2602"]
[BlackElo "2359"]
[Result "1-0"]
[Round "06"]
[TimeControl "180+1"]
[Date "2022.11.02"]
[WhiteClock "0:00:14"]
[BlackClock "0:00:02"]

1. e4 c6 2. Nc3 d5 3. Nf3 dxe4 4. Nxe4 Nf6 5. Qe2 Nxe4 6. Qxe4 Nd7 7. Bc4 Nf6 8. Ne5 e6 9. Qe2 b5 10. Bb3 Qc7 11. d4 Bd6 12. O-O O-O 13. a4 a5 14. Re1 b4 15. Bg5 Nd5 16. Bd2 c5 17. c3 Bb7 18. Rac1 Rfc8 19. Qh5 g6 20. Qh3 bxc3 21. bxc3 cxd4 22. cxd4 Qe7 23. Ng4 Bf4 24. Rxc8+ Rxc8 25. Bxd5 Bxd2 26. Bxb7 Qxb7 27. Rd1 h5 28. Ne5 Qe4 29. Qb3 Bb4 30. h3 Rc3 31. Qb2 Rc2 32. Qb3 Qe2 33. Rf1 Kg7 34. Nf3 Rc3 35. Qb1 Ra3 36. Qc1 Rxa4 37. Qf4 Ra2 38. Ne5 f6 39. Nd7 Be7 40. Qc7 Qc2 41. Nc5 Kf7 42. Qd7 Qe2 43. Nb7 Qe3 44. Nd6+ Kg7 45. fxe3 Kf8 46. Qe8+ Kg7 47. Qxe7+ Kh6 48. Qxf6 Rf2 49. Nf7+ Kh7 50. Qxf2 Kg7 51. Qf6+ 1-0


[Site "https://www.chess.com"]

[Event "Titled Tuesday Blitz November 01 Late 2022"]
[White "Kollars, Dmitrij"]
[Black "Melikyan, Gnel"]
[WhiteFideId "12909572"]
[BlackFideId "54109990"]
[WhiteElo "2584"]
[BlackElo "2138"]
[Result "1-0"]
[Round "06"]
[TimeControl "180+1"]
[Date "2022.11.01"]
[WhiteClock "0:00:10"]
[BlackClock "0:00:03"]

1. Nf3 Nf6 2. d4 g6 3. Nbd2 d5 4. e3 Bg7 5. b4 O-O 6. Be2 c6 7. a4 Re8 8. O-O Nbd7 9. Bb2 e5 10. Nxe5 Nxe5 11. dxe5 Nd7 12. f4 Qb6 13. c4 Qxb4 14. Qc2 Qb6 15. Bd4 c5 16. Rab1 Qc7 17. cxd5 b6 18. Bf3 Bb7 19. Ba1 Rad8 20. Nc4 Nb8 21. Rfd1 Na6 22. Nd6 Rxd6 23. exd6 Qxd6 24. Bxg7 Kxg7 25. Qd2 Nb4 26. e4 f6 27. Re1 Ba6 28. Re3 Qxf4 29. Rd1 Qd6 30. e5 fxe5 31. Qc3 c4 32. Be4 Nd3 33. Rf3 Qc5+ 34. Kf1 Qd4 35. Qxd4 exd4 36. Bxd3 cxd3 37. Rf4 d2+ 38. Kf2 Re2+ 39. Kg3 d3 40. d6 Re3+ 41. Kf2 Re2+ 42. Kf1 Re8 43. Rxd2 Rd8 44. Rd4 Kf6 45. Kf2 Ke5 46. Ke3 Rxd6 47. Rxd6 Kxd6 48. a5 Kc5 49. axb6 axb6 50. Ra2 Bc4 51. Ra7 b5 52. Rxh7 b4 53. Rc7+ Kb5 54. Kd2 Bd5 55. g4 Bf3 56. g5 Be4 57. h4 b3 58. Kc3 Ka4 59. Ra7+ Kb5 60. Kxb3 Bd5+ 61. Kc3 Bf3 62. Kxd3 Kc5 63. Rf7 Bh5 64. Rf6 Kd5 65. Ke3 Ke5 66. Rf4 Bd1 67. Rf6 Bh5 68. Kd3 Bg4 69. Kc4 Bh5 70. Kc5 Ke4 71. Kc6 Ke5 72. Kd7 Bd1 73. Ke7 Bc2 74. Kf7 Bb3+ 75. Kg7 Bc2 76. Rxg6 1-0


[Site "https://www.chess.com"]